 Dungeon Crawl Stone Soup version 0.21.1-1-g345015f (webtiles) character file.

1232 Fang the Chopper (level 8, 0/51 HPs)
             Began as a Gargoyle Berserker on June 6, 2018.
             Was an Elder of Trog.
             Slain by a centaur (3 damage)
             ... on level 6 of the Dungeon.
             The game lasted 00:05:13 (6201 turns).

Fang the Chopper (Gargoyle Berserker)               Turns: 6201, Time: 00:05:13

Health: 0/51       AC:  7    Str: 27    XL:     8   Next: 48%
Magic:  8/8        EV: 13    Int:  8    God:    Trog [****..]
Gold:   367        SH:  0    Dex:  9    Spells: 7/7 levels left

rFire    . . .     SeeInvis .   a - +0 hand axe
rCold    . . .     Gourm    .   (no shield)
rNeg     + . .     Faith    +   w - +0 robe {MR+}
rPois    ∞         Spirit   .   (no helmet)
rElec    +         Reflect  .   (no cloak)
rCorr    .         Harm     .   (no gloves)
MR       +....                  (no boots)
Stlth    +.........             i - amulet of faith
HPRegen  0.17/turn              d - +4 ring of strength
MPRegen  0.11/turn              t - ring of loudness (curse)

@: berserk cooldown, slowed, very slow
A: negative energy resistance 1, electricity resistance, unbreathing,
petrification resistance, rot immunity, AC +5
a: Berserk, Trog's Hand, Brothers in Arms, Burn Spellbooks, Renounce Religion


You were on level 6 of the Dungeon.
You worshipped Trog.
Trog was greatly pleased with you.
You were hungry.

You visited 1 branch of the dungeon, and saw 6 of its levels.

You collected 367 gold pieces.

Inventory:

Hand Weapons
 a - a +0 hand axe (weapon)
Armour
 b - a +0 animal skin
 w - a +0 robe of magic resistance (worn)
Jewellery
 d - a +4 ring of strength (left hand)
 i - an amulet of faith (around neck)
 q - a +4 ring of evasion
 t - a cursed ring of loudness (right hand)
 y - an uncursed ring of fire
Scrolls
 e - a scroll of fog {unknown}
 g - a scroll of magic mapping {unknown}
 j - 8 scrolls of identify {unknown}
 k - 3 scrolls of teleportation {unknown}
 l - 2 scrolls of fear {unknown}
 m - 2 scrolls of enchant armour {unknown}
 r - a scroll of enchant weapon {unknown}
 u - 2 scrolls of noise {unknown}
Potions
 f - 2 potions of agility {unknown}
 h - 3 potions of curing {unknown}
 n - 2 potions of brilliance {unknown}
 o - 2 potions of haste {unknown}
 p - 2 potions of heal wounds {unknown}
 x - a potion of might
 z - a potion of degeneration {unknown}
Books
 s - a book of Cantrips

   Spells                             Type                      Level
   a - Confusing Touch                Hexes                        1
   b - Animate Skeleton               Necromancy                   1
   c - Summon Small Mammal            Summoning                    1
   d - Apportation                    Translocation                1
   Trog disapproves of the use of such an item.
 v - a book of Changes

   Spells                             Type                      Level
   a - Beastly Appendage              Transmutation                1
   b - Sticks to Snakes               Transmutation                2
   c - Spider Form                    Transmutation/Poison         3
   d - Ice Form                       Ice/Transmutation            4
   e - Blade Hands                    Transmutation                5
   Trog disapproves of the use of such an item.
Comestibles
 c - 11 rations
 A - 6 chunks of flesh


   Skills:
 + Level 5.8 Fighting
 + Level 7.1 Axes
 + Level 2.3 Armour
 + Level 3.8 Dodging
 + Level 3.0 Stealth


You had 7 spell levels left.
You didn't know any spells.

Dungeon Overview and Level Annotations

Branches:
Dungeon (6/15)
 Temple: D:4-7

Altars:
Okawaru
Vehumet

Shops:
D:5 [

Annotations:
D:6 Grinder


Innate Abilities, Weirdness & Mutations

You are resistant to torment.
Your stone body is resilient. (AC +5)
You are immune to poison.
You resist negative energy. (rN+)
You are resistant to electric shocks. (rElec)
You can survive without breathing.
You are immune to petrification.
You are immune to rotting.


Message History

The bullfrog barely misses you.
The centaur hits you but does no damage.
The sky beast closely misses you.
The bullfrog hits you but does no damage.
The centaur closely misses you.
You hit the sky beast.
The sky beast is moderately wounded.
You barely miss the worker ant. You hit the bullfrog.
You kill the bullfrog!
Trog accepts your kill.
Your Stealth skill increases to level 3!
You completely miss the centaur. The centaur closely misses you.
The worker ant barely misses you.
The sky beast hits you but does no damage.
The centaur hits you but does no damage.
The sky beast hits you but does no damage.
The worker ant bites you.
* * * LOW HITPOINT WARNING * * *
The centaur closely misses you. The centaur hits you.
You die...

....# .......(#
........##########
..............)..#
...................#
...................#
#..................#
##...........@c.....#
#.........(((aY.....#
#.........(.........$
#..........%......%.#
#<†......(..######...
#..........#### ..
##.............. .
##......#.#####
###...##.#


You could see a sky beast, a centaur and a worker ant.

Vanquished Creatures
  A phantom (D:4)
  2 ogres (D:4)
  2 centaurs
  Blork the orc (D:5)
  A bullfrog (D:6)
  2 howler monkeys (D:4)
  A crimson imp (D:5)
  A hound (D:4)
  2 orc priests
  A bullfrog skeleton (D:5)
  Terence (D:3)
  Jessica (D:2)
  4 orc wizards
  2 worker ants (D:4)
  A killer bee zombie (D:5)
  A hound skeleton (D:4)
  8 adders
  A gnoll (D:3)
  A howler monkey skeleton (D:6)
  An ooze (D:3)
  An adder skeleton (D:4)
  2 worms (D:4)
  2 dart slugs
  A leopard gecko (D:2)
  19 orcs
  8 giant cockroaches
  9 goblins
  7 hobgoblins
  8 jackals
  3 quokkas
  2 ball pythons
  5 bats
  9 frilled lizards
  5 kobolds
  A leopard gecko skeleton (D:4)
  A quokka skeleton (D:4)
  A quokka zombie (D:5)
  5 rats
124 creatures vanquished.

Notes
Turn   | Place    | Note
-------+----------+-------------------------------------------
     0 | D:1      | Fang the Gargoyle Berserker began the quest for the Orb.
     0 | D:1      | Reached XP level 1. HP: 14/14 MP: 1/1
   271 | D:1      | Reached XP level 2. HP: 16/19 MP: 2/2
   555 | D:1      | Reached skill level 3 in Axes
   957 | D:2      | Found a faded altar of an unknown god.
  1182 | D:2      | Reached XP level 3. HP: 24/24 MP: 3/3
  1228 | D:2      | Noticed Jessica
  1234 | D:2      | Killed Jessica
  1306 | D:2      | Reached ** piety under Trog
  1331 | D:2      | Reached XP level 4. HP: 16/29 MP: 4/4
  1738 | D:3      | Reached skill level 1 in Stealth
  2087 | D:3      | Found a radiant altar of Vehumet.
  2195 | D:3      | Reached skill level 4 in Axes
  2300 | D:3      | Found an iron altar of Okawaru.
  2302 | D:3      | Reached XP level 5. HP: 32/33 MP: 5/5
  2383 | D:3      | Reached *** piety under Trog
  2423 | D:3      | Noticed Terence
  2445 | D:3      | Killed Terence
  2708 | D:4      | Noticed an ogre
  2761 | D:4      | Killed an ogre
  2761 | D:4      | Reached XP level 6. HP: 27/39 MP: 6/6
  2954 | D:4      | Reached skill level 5 in Axes
  3187 | D:4      | Noticed a phantom
  3200 | D:4      | Killed a phantom
  3200 | D:4      | Reached XP level 7. HP: 44/44 MP: 7/7
  3798 | D:4      | Reached skill level 5 in Fighting
  3798 | D:4      | Reached skill level 6 in Axes
  3817 | D:4      | Reached **** piety under Trog
  4712 | D:4      | Reached XP level 8. HP: 44/49 MP: 8/8
  4825 | D:5      | Entered Level 5 of the Dungeon
  4909 | D:5      | Noticed Blork the orc
  4924 | D:5      | Killed Blork the orc
  5089 | D:6      | Noticed Grinder
  5412 | D:5      | Found Qyafiwn's Armour Shoppe.
  5834 | D:5      | Reached skill level 7 in Axes
  6201 | D:6      | Slain by a centaur

Skill      XL: |  1  2  3  4  5  6  7  8 |
---------------+-------------------------+-----
Axes           | 3 4 5 6 7 |  7.1
Dodging        | 2 3 |  3.8
Fighting       | 4 5 |  5.8
Stealth        | 1 2 3 |  3.0
Armour         | |  2.3

Action                   |  1- 3 |  4- 6 |  7- 9 || total
-------------------------+-------+-------+-------++-------
Melee: Hand axe          |    84 |   182 |   217 ||   483
Invok: Berserk           |       |     5 |     5 ||    10
 Stab: Sleeping          |     1 |     3 |     2 ||     6
  Eat: Chunk             |     1 |    10 |    11 ||    22
       Ration            |       |       |     1 ||     1
Armor: Animal skin       |    32 |    57 |    44 ||   133
       Robe              |       |       |    32 ||    32
Dodge: Dodged            |    51 |   112 |   164 ||   327
